 Dungeon Crawl Stone Soup version 0.31-a0-202-g547052bce9 (webtiles) character file.

Game seed: 14449859370698490167

105 qw the Skirmisher (level 4, 0/25 HPs)
             Began as a Deep Elf Hunter on June 26, 2023.
             Slain by a cerulean imp
             ... wielding a +2 spear
             ... summoned by Natasha
              (4 damage)
             ... on level 2 of the Dungeon.
             The game lasted 00:00:34 (1638 turns).

qw the Skirmisher (Deep Elf Hunter)                 Turns: 1638, Time: 00:00:35

Health: 0/25       AC:  6    Str: 10    XL:     4   Next: 54%
Magic:  6/6        EV:  9    Int: 14    God:
Gold:   92         SH:  0    Dex: 18    Spells: 3/3 levels left

rFire   . . .        Y - +0 shortbow
rCold   . . .        (shield currently unavailable)
rNeg    . . .        h - +0 scale mail
rPois   .            (no helmet)
rElec   .            (no cloak)
rCorr   .            (no gloves)
SInv    .            (no boots)
Will    .....        (no amulet)
Stlth   +            (no ring)
HPRegen 0.24/turn    (no ring)
MPRegen 0.10/turn

%: no passive effects
@: slowed, very slow
A: no striking features
a: no special abilities


You were on level 2 of the Dungeon.
You visited 1 branch of the dungeon, and saw 2 of its levels.

You collected 92 gold pieces.


   Skills:
 - Level 1.5 Fighting
 + Level 8.0 Ranged Weapons
 - Level 2.4 Dodging
 - Level 1.2 Stealth


You had 3 spell levels left.
You didn't know any spells.
Your spell library was empty.

Inventory:

Hand Weapons
 Y - a +0 shortbow (weapon)
Armour
 a - a +0 ring mail
 h - a +0 scale mail (worn)
Scrolls
 c - a scroll of amnesia {unknown}
 e - a scroll of torment {unknown}
 g - 2 scrolls of identify
Potions
 b - a potion of brilliance {unknown}
 d - a potion of might {unknown}
 f - a potion of heal wounds {unknown}
 i - 2 potions of curing {unknown}
 l - a potion of degeneration {unknown}

Dungeon Overview and Level Annotations

Branches:
Dungeon (2/15)

Altars:
Nemelex Xobeh

Annotations:
D:2 Natasha


Message History

Enter note:
Enter note:
Enter note:
Enter note:
Enter note: You shoot an arrow.
The arrow hits the bat!
You kill the bat!
Natasha, Servant of Life and Death comes into view.
Enter note:
Enter note:
Enter note:
Enter note:
Enter note:
Enter note: You shoot an arrow.
Natasha hisses angrily.
The arrow hits Natasha.
Natasha is heavily wounded.
You shoot an arrow. The arrow hits Natasha.
Natasha is almost dead.
Natasha casts a spell at you.
You feel yourself slow down.
Natasha mumbles some strange words.
You shoot an arrow. The arrow hits Natasha.
Natasha is almost dead.
Natasha casts a spell at you. The magic dart hits you.
The cerulean imp hits you from afar with a +2 spear!
You shoot an arrow.
The arrow hits Natasha but does no damage.
Natasha is almost dead.
Natasha closely misses you.
The cerulean imp hits you from afar with a +2 spear.
Natasha claws you! The cerulean imp closely misses you.
You shoot an arrow. The arrow hits Natasha.
Natasha is almost dead.
Natasha claws you but does no damage. The cerulean imp barely misses you.
Natasha claws you but does no damage.
The cerulean imp hits you from afar with a +2 spear.
You die...

#.......##....<######
#.#
#...###.######......#
#.# ##########.####.#
##.#.#.###.. .......#
#...##.# #.#........
.#####.# #.#.##.##
#.###.####.
.##....###.#.##..##
#.###.# ##
.##.#..##.........#
#.....#
.##.#........###.##
#######
.......##....# #@#
......######># #h#
###.#.# ...5..
###.#.# .###..#
##..#.# .# #..#
##.##.# ...# ......#
.#.# ......# . .#
##.#..#


You could see Natasha and a cerulean imp (summoned).

Vanquished Creatures
  Natasha (twice) (D:2)
  An adder (D:2)
  A worm (D:1)
  4 endoplasms
  A giant cockroach (D:2)
  7 goblins
  5 hobgoblins
  3 quokkas
  6 ball pythons
  4 bats
  3 frilled lizards
  3 kobolds
  2 rats (D:1)
42 creatures vanquished.

Notes
Turn   | Place    | Note
-------+----------+-------------------------------------------
     0 | D:1      | qw the Deep Elf Hunter began the quest for the Orb.
     0 | D:1      | Reached XP level 1. HP: 12/12 MP: 3/3
     0 | D:1      | 0 ||| qw: Version: 0.3-a-22-g0ed2b0b
     0 | D:1      | 0 ||| qw: Game counter: 6051
     0 | D:1      | 0 ||| qw: Melee chars always use a shield: true
     0 | D:1      | 0 ||| qw: God list: Okawaru
     0 | D:1      | 0 ||| qw: Allow faded altars: false
     0 | D:1      | 0 ||| qw: Do Orc after clearing Dungeon:15 true
     0 | D:1      | 0 ||| qw: Do second Lair branch before Depths: true
     0 | D:1      | 0 ||| qw: Lair rune preference: random
     0 | D:1      | 0 ||| qw: Goals: Normal
     0 | D:1      | 0 ||| PLANNING D:1-11
    74 | D:1      | Reached XP level 2. HP: 16/16 MP: 4/4
    99 | D:1      | Reached skill level 6 in Ranged Weapons
   209 | D:1      | Found a faded altar of an unknown god.
   260 | D:1      | HP: 3/16 [quokka (2)]
  1011 | D:1      | 1011 ||| UPGRADING to +0 scale mail.
  1021 | D:1      | 1021 ||| DROPPING +0 leather armour.
  1022 | D:1      | 1022 ||| DROPPING ring of flight.
  1023 | D:1      | 1023 ||| READING scroll labelled QEOCEH IWAXOA.
  1024 | D:1      | 1024 ||| READING 2 scrolls labelled FEGHUCO ZOLIDGH.
  1025 | D:1      | 1025 ||| READING scroll labelled QIOQEMPOYGH.
  1026 | D:1      | 1026 ||| READING scroll labelled PUHASI ANIL.
  1031 | D:1      | 1031 ||| DROPPING scroll of butterflies.
  1080 | D:2      | Reached XP level 3. HP: 20/20 MP: 5/5
  1134 | D:2      | Found a sparkling altar of Nemelex Xobeh.
  1201 | D:2      | Reached skill level 7 in Ranged Weapons
  1277 | D:2      | Noticed Natasha
  1287 | D:2      | Killed Natasha
  1288 | D:2      | Reached XP level 4. HP: 8/25 MP: 6/6
  1325 | D:2      | Noticed Natasha
  1332 | D:2      | Killed Natasha
  1538 | D:2      | Reached skill level 8 in Ranged Weapons
  1633 | D:2      | Noticed Natasha
  1637 | D:2      | HP: 3/25 [Natasha (7)]
  1638 | D:2      | Slain by a cerulean imp

Levels and vault maps discovered:
D:1:      dpeg_arrival_brainrot, layout_basic,
          shapermc_ecumenical_altar_notcrosses
D:2:      layout_loops_cross, basic_altar, uniq_natasha

Skill      XL: |  1  2  3  4 |
---------------+-------------+-----
Ranged Weapons | 6 7 8 |  8.0
Fighting       | |  1.5
Dodging        | |  2.4
Stealth        | |  1.2

Action                     |  1- 3 |  4- 6 || total
---------------------------+-------+-------++-------
   Fire: Shortbow          |   109 |    27 ||   136
    Use: Scroll            |     4 |       ||     4
 Armour: Leather armour    |     5 |       ||     5
         Scale mail        |    11 |     7 ||    18
  Dodge: Dodged            |    38 |     8 ||    46

Table legend:
 A = Non-vault XP
 B = Vault XP
 C = Vault XP percentage of total XP
 D = Non-vault monster count
 E = Vault monster count
 F = Vault count percentage of total count
                 A         B        C        D         E       F
            +---------+---------+-------+---------+---------+-------
      Total |     110 |      41 |  27.2 |      40 |       2 |   4.8
            +---------+---------+-------+---------+---------+-------
        D:1 |      34 |       5 |  12.8 |      21 |       1 |   4.5
        D:2 |      76 |      36 |  32.1 |      19 |       1 |   5.0
            +---------+---------+-------+---------+---------+-------
